 Dungeon Crawl Stone Soup version 0.21-a0-404-g291f19a (webtiles) character file.

53 Monsterracer the Vexing (level 3, 0/28 HPs)
             Began as a Gnoll Arcane Marksman on Oct 29, 2017.
             Slain by Terence
             ... wielding a +3 mace of crushing
              (5 damage)
             ... on level 2 of the Dungeon.
             The game lasted 00:05:55 (1257 turns).

Monsterracer the Vexing (Gnoll Arcane Marksman)     Turns: 1257, Time: 00:05:56

Health: 0/28       AC:  2    Str: 13    XL:     3   Next: 89%
Magic:  7/7        EV: 15    Int: 15    God:
Gold:   54         SH:  0    Dex: 15    Spells: 3/7 levels left

rFire    . . .     SeeInvis .   a - +0 hand crossbow
rCold    . . .     Gourm    .   (no shield)
rNeg     . . .     Faith    .   e - +0 robe
rPois    .         Spirit   .   (no helmet)
rElec    .         Reflect  .   (no cloak)
rCorr    .         Harm     .   (no gloves)
MR       .....                  (no boots)
Stlth    ++........             (no amulet)
HPRegen  0.09/turn              (no ring)
MPRegen  0.10/turn              k - ring of flight

@: no status effects
A: distributed training, fangs 1, strong nose
a: Evoke Flight


You were on level 2 of the Dungeon.
You were very hungry.

You visited 1 branch of the dungeon, and saw 2 of its levels.

You collected 54 gold pieces.

Inventory:

Hand Weapons
 a - a +0 hand crossbow (weapon)
 b - a +0 mace
 l - a +0 short sword
Missiles
 d - 8 bolts (quivered)
Armour
 e - a +0 robe (worn)
Jewellery
 k - a ring of flight (right hand)
Scrolls
 g - a scroll of identify {unknown}
 m - a scroll of immolation {unknown}
Potions
 i - a potion of brilliance {unknown}
Books
 c - a book of Debilitation

   Spells                             Type                      Level
   a - Corona                         Hexes                        1
   b - Slow                           Hexes                        2
   c - Inner Flame                    Hexes/Fire                   3
   d - Portal Projectile              Hexes/Translocation          3
   e - Cause Fear                     Hexes                        4
   f - Leda's Liquefaction            Hexes/Earth                  4
Comestibles
 f - a bread ration
 h - a royal jelly
 j - a meat ration


   Skills:
 + Level 2.6 Fighting
 + Level 1.0 Short Blades
 + Level 1.0 Long Blades
 + Level 1.0 Axes
 + Level 1.0 Maces & Flails
 + Level 1.0 Polearms
 + Level 1.0 Staves
 + Level 1.0 Slings
 + Level 1.0 Bows
 + Level 4.6 Crossbows
 + Level 1.0 Throwing
 + Level 1.0 Armour
 + Level 4.6 Dodging
 + Level 1.0 Stealth
 + Level 1.0 Shields
 + Level 1.0 Unarmed Combat
 + Level 2.9 Spellcasting
 + Level 0.7 Conjurations
 + Level 5.4 Hexes
 + Level 0.7 Charms
 + Level 0.7 Summonings
 + Level 0.7 Necromancy
 + Level 0.7 Translocations
 + Level 0.7 Transmutations
 + Level 0.7 Fire Magic
 + Level 0.7 Ice Magic
 + Level 0.7 Air Magic
 + Level 0.7 Earth Magic
 + Level 0.7 Poison Magic
 + Level 1.0 Invocations
 + Level 1.0 Evocations


You had 3 spell levels left.
You knew the following spells:

 Your Spells              Type           Power        Failure   Level  Hunger
a - Corona                Hex            ###....      2%          1    #......
c - Portal Projectile     Hex/Tloc       ##....       17%         3    ###....


Dungeon Overview and Level Annotations

Branches:
Dungeon (2/15)

Altars:

Annotations:
D:2 Terence


Innate Abilities, Weirdness & Mutations

Your experience applies equally to all skills.
You have very sharp teeth.
Your uncanny sense of smell can sniff out nearby items.


Message History

You kill the gnoll!
Your Short Blades skill increases to level 1!
Your Long Blades skill increases to level 1!
Your Axes skill increases to level 1!
Your Maces & Flails skill increases to level 1!
Your Polearms skill increases to level 1!
Your Staves skill increases to level 1!
Your Slings skill increases to level 1!
Your Bows skill increases to level 1!
Your Throwing skill increases to level 1!
Your Armour skill increases to level 1!
Your Stealth skill increases to level 1!
Your Shields skill increases to level 1!
Your Unarmed Combat skill increases to level 1!
Your Evocations skill increases to level 1!
Unknown command.
Unknown command.
Unknown command.
Unknown command.
d - 17 bolts (gained 4)
You see here a whip.
There isn't anything to butcher here.
You start resting.
You are feeling hungry.
You regained 11 hp, and now have 13/28 hp.
You start resting.
HP restored.
Health restored: 28 Unknown command.
There is a stone staircase leading down here.
You climb downwards.
Terence the Incautious comes into view.
He is wielding a mace of crushing.
Terence shouts!
There is a stone staircase leading up here.
Firing (i - inventory):
d - 17 bolts (quivered)
Press: ? - help, Shift-Dir - straight line, f - Terence
Aim: Terence, wielding a mace of crushing and wearing a chain mail You shoot a bolt.
The bolt hits Terence but does no damage.
Firing (i - inventory):
d - 16 bolts (quivered)
Press: ? - help, Shift-Dir - straight line, f/p - Terence
Aim: Terence, wielding a mace of crushing and wearing a chain mail You shoot a bolt.
The bolt hits Terence.
Terence is lightly wounded.
Firing (i - inventory):
d - 15 bolts (quivered)
Press: ? - help, Shift-Dir - straight line, f/p - Terence
Aim: Terence, wielding a mace of crushing and wearing a chain mail (lightly wounded)
You shoot a bolt. The bolt hits Terence.
Terence is moderately wounded.
Firing (i - inventory):
d - 14 bolts (quivered)
Press: ? - help, Shift-Dir - straight line, f/p - Terence
Aim: Terence, wielding a mace of crushing and wearing a chain mail (moderately wounded)
You shoot a bolt. The bolt closely misses Terence.
Terence hits you with a mace of crushing.
You take 4 damage, and have 24/28 hp.
Firing (i - inventory):
d - 13 bolts (quivered)
Press: ? - help, Shift-Dir - straight line, f/p - Terence
Aim: Terence, wielding a mace of crushing and wearing a chain mail (moderately wounded)
You shoot a bolt.
The bolt hits Terence but does no damage.
Terence is moderately wounded.
Terence completely misses you.
Firing (i - inventory):
d - 12 bolts (quivered)
Press: ? - help, Shift-Dir - straight line, f/p - Terence
Aim: Terence, wielding a mace of crushing and wearing a chain mail (moderately wounded)
You shoot a bolt. The bolt barely misses Terence.
Terence hits you with a mace of crushing!
* * * LOW HITPOINT WARNING * * *
You take 13 damage, and have 12/28 hp.
MASSIVE DAMAGE!!
Firing (i - inventory):
d - 11 bolts (quivered)
Press: ? - help, Shift-Dir - straight line, f/p - Terence
Aim: Terence, wielding a mace of crushing and wearing a chain mail (moderately wounded)
You shoot a bolt. The bolt hits Terence!
Terence is severely wounded.
Terence says, "How do you enjoy it?"
Terence hits you with a mace of crushing.
* * * LOW HITPOINT WARNING * * *
* * * LOW HITPOINT WARNING * * *
You take 8 damage, and have 4/28 hp.
MASSIVE DAMAGE!!
You are feeling very hungry.
Found a scroll of remove curse.
Found a stone staircase leading down.
Terence shouts, "Get ready for death!"
You see here 16 poisoned needles.
Firing (i - inventory):
d - 10 bolts (quivered)
Press: ? - help, Shift-Dir - straight line, f/p - Terence
Aim: Terence, wielding a mace of crushing and wearing a chain mail (severely wounded)
You shoot a bolt.
The bolt hits Terence but does no damage.
Terence is severely wounded.
Terence barely misses you.
Firing (i - inventory):
d - 9 bolts (quivered)
Press: ? - help, Shift-Dir - straight line, f/p - Terence
Aim: Terence, wielding a mace of crushing and wearing a chain mail (severely wounded)
You shoot a bolt.
The bolt hits Terence but does no damage.
Terence is severely wounded.
Terence shouts, "Now you die!"
Terence hits you with a mace of crushing.
You die...

..?............#.#
## #.....#######.#
##8## #..(..#
8...8##..##.#
.....##..##.#
.....>#..##.#
.....##.###.#
8...8##.###.#
##8## #.@@..# #
####.<# #.(# #.(#
∆ #..# ..(# ##.(#
#... #.(#


You could see Terence.

Vanquished Creatures
  An adder (D:2)
  3 gnolls
  A giant cockroach (D:1)
  2 goblins (D:1)
  4 hobgoblins (D:1)
  2 kobolds (D:1)
  3 bats (D:1)
  A frilled lizard (D:1)
  A rat (D:1)
18 creatures vanquished.

Notes
Turn   | Place    | Note
-------+----------+-------------------------------------------
     0 | D:1      | Monsterracer the Gnoll Arcane Marksman began the quest for the Orb.
     0 | D:1      | Reached XP level 1. HP: 17/17 MP: 4/4
   142 | D:1      | Reached XP level 2. HP: 16/23 MP: 5/5
   630 | D:2      | Reached XP level 3. HP: 25/28 MP: 7/7
   638 | D:2      | Learned a level 3 spell: Portal Projectile
   688 | D:1      | HP: 12/28 [gnoll (7)]
   870 | D:2      | HP: 14/28 [gnoll/spear (2)]
   872 | D:2      | Reached skill level 1 in Invocations
   874 | D:2      | HP: 3/28 [gnoll/whip (8)]
   944 | D:1      | HP: 2/28 [gnoll/whip (7)]
   946 | D:1      | Reached skill level 1 in Short Blades
   946 | D:1      | Reached skill level 1 in Long Blades
   946 | D:1      | Reached skill level 1 in Axes
   946 | D:1      | Reached skill level 1 in Maces & Flails
   946 | D:1      | Reached skill level 1 in Polearms
   946 | D:1      | Reached skill level 1 in Staves
   946 | D:1      | Reached skill level 1 in Slings
   946 | D:1      | Reached skill level 1 in Bows
   946 | D:1      | Reached skill level 1 in Throwing
   946 | D:1      | Reached skill level 1 in Armour
   946 | D:1      | Reached skill level 1 in Stealth
   946 | D:1      | Reached skill level 1 in Shields
   946 | D:1      | Reached skill level 1 in Unarmed Combat
   946 | D:1      | Reached skill level 1 in Evocations
  1233 | D:2      | Noticed Terence
  1239 | D:2      | HP: 12/28 [Terence/mace of crushing (3)]
  1242 | D:2      | HP: 4/28 [Terence/mace of crushing (2)]
  1257 | D:2      | Slain by Terence

Vault maps used:
D:1:      lightli_molten_gateway
D:2:      overflow_temple_1_default, lemuel_coloured_pillars_altar,
          nicolae_overflow_hidden_temple, lemuel_blue_sif_altar, uniq_jessica,
          uniq_sigmund, uniq_terence

Skill      XL: |  1  2  3 |
---------------+----------+-----
Invocations    | 1 |  1.0
Short Blades   | 1 |  1.0
Long Blades    | 1 |  1.0
Axes           | 1 |  1.0
Maces & Flails | 1 |  1.0
Polearms       | 1 |  1.0
Staves         | 1 |  1.0
Slings         | 1 |  1.0
Bows           | 1 |  1.0
Throwing       | 1 |  1.0
Armour         | 1 |  1.0
Stealth        | 1 |  1.0
Shields        | 1 |  1.0
Unarmed Combat | 1 |  1.0
Evocations     | 1 |  1.0
Fighting       | |  2.6
Crossbows      | |  4.6
Dodging        | |  4.6
Spellcasting   | |  2.9
Conjurations   | |  0.7
Hexes          | |  5.4
Charms         | |  0.7
Summonings     | |  0.7
Necromancy     | |  0.7
Translocations | |  0.7
Transmutations | |  0.7
Fire Magic     | |  0.7
Ice Magic      | |  0.7
Air Magic      | |  0.7
Earth Magic    | |  0.7
Poison Magic   | |  0.7

Action                   || total
-------------------------++-------
Melee: Club              ||    30
       Bite              ||     3
       Unarmed           ||     1
       Mace              ||    18
 Fire: Hand crossbow     ||    19
  Use: Scroll            ||     1
 Stab: Sleeping          ||     1
Armor: Robe              ||     7
Dodge: Dodged            ||    61

Table legend:
 A = Spawn XP
 B = Non-spawn XP
 C = Spawn XP percentage of total XP
 D = Spawn monster count
 E = Non-spawn monster count
 F = Spawn count percentage of total count
 G = Total turns spent on level
                    A         B        C        D         E        F      G
               +---------+---------+-------+---------+---------+-------+---------
         Total |       0 |      77 |   0.0 |       0 |      18 |   0.0 |  1257
               +---------+---------+-------+---------+---------+-------+---------
           D:1 |       0 |      50 |   0.0 |       0 |      16 |   0.0 |  1166
           D:2 |       0 |      27 |   0.0 |       0 |       2 |   0.0 |    91
               +---------+---------+-------+---------+---------+-------+---------

Vault maps used:
D:1:      lightli_molten_gateway
D:2:      overflow_temple_1_default, lemuel_coloured_pillars_altar,
          nicolae_overflow_hidden_temple, lemuel_blue_sif_altar, uniq_jessica,
          uniq_sigmund, uniq_terence
